 Dungeon Crawl Stone Soup version 0.30-a0-1050-g2766ea1e55 (webtiles) character file.

Game seed: 837827531555950413

878 KristoblXynda the Slasher (level 7, -1/61 HPs)
             Began as a Grey Draconian Gladiator on Apr 11, 2023.
             Slain by an ogre
             ... wielding a +0 giant club
              (20 damage)
             ... on level 5 of the Dungeon.
             The game lasted 00:05:37 (4769 turns).

KristoblXynda the Slasher (DrGl)                    Turns: 4769, Time: 00:05:37

Health: -1/61      AC: 12    Str: 16    XL:     7   Next: 75%
Magic:  7/7        EV: 14    Int:  9    God:
Gold:   273        SH:  0    Dex: 14    Spells: 6/6 levels left

rFire   . . .      SeeInvis .    h - +0 scimitar
rCold   . . .      Faith    .    (no shield)
rNeg    . . .      Spirit   .    (body armour unavailable)
rPois   +          Reflect  .    b - +0 hat
rElec   .          Rampage  .    (no cloak)
rCorr   .                        w - +0 pair of gloves
Will    .....                    (no boots)
Stlth   +                        (no amulet)
HPRegen 0.30/turn                t - ring of flight
MPRegen 0.10/turn                A - ring of poison resistance

@: flying
A: AC +11, amphibious, unfitting armour, cold-blooded
a: no special abilities


You were on level 5 of the Dungeon.
You visited 1 branch of the dungeon, and saw 5 of its levels.

You collected 306 gold pieces.
You spent 33 gold pieces at shops.

Inventory:

Hand Weapons
 h - a +0 scimitar (weapon)
 p - a +2 falchion of flaming
Missiles
 c - 2 throwing nets (quivered)
 d - 5 javelins
Armour
 b - a +0 hat (worn)
 w - a +0 pair of gloves (worn)
Jewellery
 r - an amulet of faith
 t - a ring of flight (left hand)
 A - a ring of poison resistance (right hand)
Wands
 v - a wand of paralysis (7)
Scrolls
 g - 2 scrolls of identify {unknown}
 i - a scroll of blinking {unknown}
 k - a scroll of acquirement {unknown}
 l - 2 scrolls of teleportation
 n - a scroll of enchant weapon {unknown}
 s - 3 scrolls of fear {unknown}
 u - a scroll of immolation {unknown}
 x - a scroll of poison {unknown}
 y - a scroll of noise {unknown}
Potions
 a - a potion of attraction {unknown}
 e - 2 potions of resistance {unknown}
 f - 2 potions of magic {unknown}
 j - a potion of curing
 m - a potion of haste {unknown}
 o - a potion of ambrosia {unknown}
 q - a potion of flight {unknown}
 z - a potion of mutation {unknown}


   Skills:
 + Level 5.2 Fighting
 * Level 6.9 Long Blades
 - Level 2.0 Throwing
 + Level 4.8 Dodging


You had 6 spell levels left.
You didn't know any spells.
Your spell library contained the following spells:

 Spells                   Type           Power      Damage    Failure   Level
 Summon Small Mammal      Summ           0%         N/A       38%         1
 Blink                    Tloc           0%         N/A       52%         2
 Cigotuvi's Dreadful Rot  Necr/Pois/Air  0%         N/A       52%         2
 Lesser Beckoning         Tloc           0%         N/A       52%         2
 Momentum Strike          Conj/Tloc      0%         3d8       52%         2
 Mephitic Cloud           Conj/Pois/Air  0%         N/A       77%         3
 Spider Form              Tmut/Pois      0%         N/A       77%         3


Dungeon Overview and Level Annotations

Branches:
Dungeon (5/15)
 Temple: D:4-7

Altars:

Shops:
D:1 !


Innate Abilities, Weirdness & Mutations

Your dull iron-grey scales are very hard. (AC +11)
You are amphibious.
You cannot fit into any form of body armour.
You are cold-blooded and may be slowed by cold attacks.


Message History

Items here: ))) [[ ††.
You start resting.
HP restored.
You reach down and open the door.
There is an open door here.
An ogre comes into view. It is wielding a +0 giant club.
The ogre shouts!
An ogre is nearby!
An ogre is nearby!
An ogre is nearby!
The ogre barely misses you.
You slash the ogre!
The ogre is heavily wounded.
The ogre hits you with a +0 giant club!
You hit the ogre.
The ogre is severely wounded.
You hit the ogre but do no damage. You tail-slap the ogre.
The ogre is severely wounded.
The ogre hits you with a +0 giant club!!
* * * LOW HITPOINT WARNING * * *
You are too injured to fight recklessly!
You are too injured to fight recklessly!
You are too injured to fight recklessly!
You are too injured to fight recklessly!
You are too injured to fight recklessly!
You are too injured to fight recklessly!
You are too injured to fight recklessly!
You are too injured to fight recklessly!
You are too injured to fight recklessly!
You are too injured to fight recklessly!
You are too injured to fight recklessly!
You are too injured to fight recklessly!
You are too injured to fight recklessly!
You are too injured to fight recklessly!
An ogre is nearby!
Unknown command.
You hit the ogre.
Your tail-slap misses the ogre.
The ogre is severely wounded.
The ogre hits you with a +0 giant club!!
You die...

# #. #.. ...## ...
### ##### #.##..
#########....
#....# ......
..........# ##...#
.....# #.O@.#
##..#.# ..... ####
#..##.## #..##.#
....##... .... #..#
#.###.. ....#..#
#### ##.### ##.#
##. ##....#
#...#####..# #.
##..#####
###.......######
#.....<÷#
#.................
..##.##.###
#..###############.
####.##...## #.# ##


You could see an ogre.

Vanquished Creatures
  Grinder (D:5)
  A black bear (D:3)
  A phantom (D:4)
  A scorpion (D:5)
  A jelly (D:5)
  2 orc priests (D:3)
  2 hounds (D:5)
  2 iguanas (D:5)
  2 orc wizards
  2 sleepcaps (D:4)
  7 adders
  2 worms (D:3)
  7 dart slugs
  15 orcs
  8 endoplasms
  3 giant cockroaches
  4 hobgoblins (D:1)
  4 jackals (D:2)
  8 kobolds
  A quokka (D:1)
  3 ball pythons
  5 bats
  3 frilled lizards
  6 goblins
  5 rats
96 creatures vanquished.

Notes
Turn   | Place    | Note
-------+----------+-------------------------------------------
     0 | D:1      | KristoblXynda the Draconian Gladiator began the quest for
                  | the Orb.
     0 | D:1      | Reached XP level 1. HP: 17/17 MP: 1/1
   142 | D:1      | Reached XP level 2. HP: 25/25 MP: 2/2
   551 | D:1      | Found a faded altar of an unknown god.
   591 | D:1      | Reached XP level 3. HP: 23/30 MP: 3/3
   751 | D:1      | Found Eheang's Distillery.
   757 | D:1      | Bought a potion of curing for 33 gold pieces
  1124 | D:2      | Reached skill level 4 in Long Blades
  1124 | D:2      | Reached XP level 4. HP: 35/35 MP: 4/4
  1728 | D:2      | Got the Papyrus of Friendly Virulence
  2215 | D:3      | Noticed a black bear
  2228 | D:3      | Killed a black bear
  2229 | D:3      | Reached XP level 5. HP: 9/46 MP: 5/5
  2820 | D:3      | Reached skill level 5 in Long Blades
  2837 | D:3      | Reached XP level 6. HP: 13/52 MP: 6/6
  3115 | D:3      | You fall into a shaft and drop 1 floor!
  4276 | D:5      | Entered Level 5 of the Dungeon
  4302 | D:5      | Noticed Grinder
  4334 | D:5      | Reached skill level 6 in Long Blades
  4334 | D:5      | Your scales start taking on a dull iron-grey colour.
  4334 | D:5      | Reached XP level 7. HP: 12/60 MP: 7/7
  4565 | D:5      | Killed Grinder
  4606 | D:5      | Reached skill level 5 in Fighting
  4769 | D:5      | Slain by an ogre

Illustrated notes

Levels and vault maps discovered:
D:1:      sevenhm_arrival_forest_fort_large_4, layout_basic, serial_shops,
          nicolae_shop_stone, dreamdust_ecumenical_altar_hidden_monk_grotto
D:2:      layout_basic, chequers_serial_rivers_room_b
D:3:      minmay_evil_eye, layout_basic
D:4:      layout_loops_ring
D:5:      layout_rooms, grunt_ministairs_13, uniq_crazy_yiuf_cottage,
          uniq_grinder

Skill      XL: |  1  2  3  4  5  6  7 |
---------------+----------------------+-----
Throwing       | 2 |  2.0
Dodging        | 3 4 |  4.8
Fighting       | 3 4 5 |  5.2
Long Blades    | 4 5 6 |  6.9

Action                     |  1- 3 |  4- 6 |  7- 9 || total
---------------------------+-------+-------+-------++-------
  Melee: Long sword        |    30 |       |       ||    30
         Scimitar          |    72 |   172 |    50 ||   294
         Tailslap          |     7 |    20 |     8 ||    35
         Punch             |       |     2 |       ||     2
  Throw: Throwing net      |       |     1 |       ||     1
  Evoke: Wand              |       |       |     2 ||     2
    Use: Potion            |       |     2 |       ||     2
         Scroll            |       |     1 |       ||     1
   Stab: Sleeping          |     1 |     2 |       ||     3
         Paralysed         |       |       |     6 ||     6
 Armour: Skin              |    35 |    61 |    19 ||   115
  Dodge: Dodged            |    87 |   108 |    28 ||   223

Table legend: (Time is in decaauts)
 A = Elapsed time spent in this place.
 B = Non-inter-level travel time spent in this place.
 C = Inter-level travel time spent in this place.
 D = Time resting spent in this place.
 E = Time spent auto-exploring this place.
 F = Levels seen in this place.
 G = Mean time per level.
                   A        B        C        D        E       F      G
               +--------+--------+--------+--------+--------+-----+--------+
         Total |   4831 |   4721 |    110 |    902 |   3028 |   5 |  966.2 |
       Dungeon |   4831 |   4721 |    110 |    902 |   3028 |   5 |  966.2 |
               +--------+--------+--------+--------+--------+-----+--------+

Top non-repeatable levels by time:
     D:3: 1474 daAuts
     D:4: 1224 daAuts
     D:2: 935 daAuts
     D:1: 901 daAuts
     D:5: 295 daAuts
